[Event "AUT Bundesliga 2019-20"]
[Site "Linz"]
[Date "2019.10.10"]
[Round "1.9"]
[White "Danin, Alexandre"]
[Black "Papp, Gabor"]
[Result "1-0"]
[ECO "B92"]
[WhiteElo "2515"]
[BlackElo "2587"]
[Annotator "ChessBase"]
[PlyCount "171"]
[EventDate "2019.10.10"]
[EventType "team-tourn"]
[EventCountry "AUT"]
[SourceTitle "playchess.com"]
[Source "ChessBase"]
[SourceQuality "1"]
[TimeControl "40/5400+30:1800+30"]

1. e4 c5 2. Nf3 d6 3. d4 cxd4 4. Nxd4 Nf6 5. Nc3 a6 6. Be2 e5 7. Nb3 Be7 8. Bg5 Be6 9. Bxf6 Bxf6 10. Qd3 Be7 11. Nd5 Nd7 12. Rd1 Bxd5 13. Qxd5 Qc7 14. Qc4 Qxc4 15. Bxc4 Rc8 16. Bd3 b5 17. c3 Nb6 18. Ke2 Bg5 19. Na1 Ke7 20. Nc2 Rhd8 21. g3 h5 22. Rb1 d5 23. exd5 Nxd5 24. Bf5 Rc5 25. Rhd1 g6 26. Be4 f5 27. Bxd5 Rcxd5 28. Rxd5 Rxd5 29. Ne3 Rc5 30. Rd1 Ke6 31. Nc2 a5 32. Ne1 Rc4 33. Nf3 Be7 34. Nd2 Rc8 35. Nf3 b4 36. cxb4 axb4 37. Ne1 e4 38. Rd2 Rc1 39. Rd1 Rc7 40. Rd2 Rc1 41. Rd1 Rc8 42. Rd2 Ra8 43. b3 h4 44. Nc2 Bg5 45. Ne3 h3 46. Rc2 f4 47. gxf4 Bxf4 48. Nf1 g5 49. Ng3 e3 50. Kf3 exf2 51. Rxf2 Rh8 52. Re2+ Kd5 53. Nf5 Rf8 54. Kg4 Rf6 55. Ng3 Kd4 56. Re4+ Kc5 57. Nh5 Ra6 58. Nxf4 gxf4 59. Rc4+ Kd5 60. Rxf4 Rxa2 61. Kxh3 Kc5 62. Kg3 Rc2 63. h4 Rc3+ 64. Rf3 Kd4 65. Kg4 Rc8 66. h5 Rg8+ 67. Kh4 Rh8 68. Rh3 Ke5 69. Rg3 Kd4 70. Rf3 Ke4 71. Rf7 Rc8 72. Rb7 Rc1 73. Kg5 Rg1+ 74. Kh6 Kf5 75. Rxb4 Kf6 76. Rf4+ Ke6 77. Rf3 Rg4 78. Kh7 Ke7 79. h6 Ke6 80. Kh8 Ke7 81. Rf1 Ke8 82. Rf5 Ke7 83. h7 Ke8 84. b4 Ke7 85. b5 Rg6 86. b6 1-0

[Event "AUT Bundesliga 2019-20"]
[Site "Linz"]
[Date "2019.10.10"]
[Round "1.9"]
[White "Berchtenbreiter, Maximilian"]
[Black "Knoll, Hermann"]
[Result "1-0"]
[ECO "C54"]
[WhiteElo "2467"]
[BlackElo "2336"]
[Annotator "ChessBase"]
[PlyCount "95"]
[EventDate "2019.10.10"]
[EventType "team-tourn"]
[EventCountry "AUT"]
[SourceTitle "playchess.com"]
[Source "ChessBase"]
[SourceQuality "1"]
[TimeControl "40/5400+30:1800+30"]

1. e4 e5 2. Nf3 Nc6 3. Bc4 Bc5 4. c3 Nf6 5. d3 d6 6. h3 O-O 7. Bb3 a6 8. Nbd2 Ba7 9. Qe2 Ne7 10. Nf1 Ng6 11. g3 c6 12. Be3 Bxe3 13. Nxe3 a5 14. Bc2 h6 15. h4 Re8 16. h5 Nf8 17. O-O-O d5 18. exd5 Nxd5 19. d4 exd4 20. Rxd4 Qe7 21. Re4 Be6 22. Nxd5 cxd5 23. Re3 b5 24. Qxb5 Reb8 25. Qd3 Qb7 26. b3 a4 27. Rh4 axb3 28. axb3 Qe7 29. Nd4 Ra1+ 30. Kd2 Qa3 31. Ke2 Rc8 32. Qd2 Bd7 33. Kf3 Ra2 34. Kg2 Ne6 35. Nxe6 Bxe6 36. Ra4 Rxc2 37. Qxc2 Qc5 38. Qd3 d4 39. Rxd4 Qxh5 40. Rd8+ Rxd8 41. Qxd8+ Kh7 42. c4 Qc5 43. Qd3+ Kg8 44. Re2 Qb6 45. Kg1 g6 46. Qe3 Qd6 47. Rd2 Qe7 48. Qxh6 1-0

[Event "AUT Bundesliga 2019-20"]
[Site "Linz"]
[Date "2019.10.10"]
[Round "1.10"]
[White "Antoniewski, Rafal"]
[Black "Acs, Peter"]
[Result "1/2-1/2"]
[ECO "C77"]
[WhiteElo "2481"]
[BlackElo "2586"]
[Annotator "ChessBase"]
[PlyCount "62"]
[EventDate "2019.10.10"]
[EventType "team-tourn"]
[EventCountry "AUT"]
[SourceTitle "playchess.com"]
[Source "ChessBase"]
[SourceQuality "1"]
[TimeControl "40/5400+30:1800+30"]

1. e4 e5 2. Nf3 Nc6 3. Bb5 a6 4. Ba4 Nf6 5. d3 d6 6. c3 g6 7. Bg5 Bg7 8. Nbd2 O-O 9. Nf1 Ne7 10. Ne3 c6 11. O-O Qc7 12. Bb3 Kh8 13. Bh4 h6 14. Re1 b5 15. a4 Rb8 16. axb5 axb5 17. Qd2 Kh7 18. Red1 Be6 19. Bxe6 fxe6 20. Bxf6 Rxf6 21. d4 exd4 22. Nxd4 Qd7 23. Nb3 e5 24. Nc5 Qe8 25. Nd3 Re6 26. Ra7 Ra8 27. Rxa8 Qxa8 28. Nb4 h5 29. Qc2 Bh6 30. Qe2 Rf6 31. Nec2 c5 1/2-1/2

[Event "AUT Bundesliga 2019-20"]
[Site "Linz"]
[Date "2019.10.10"]
[Round "1.11"]
[White "Diermair, Andreas"]
[Black "Gstach, Jakob"]
[Result "1-0"]
[ECO "E81"]
[WhiteElo "2479"]
[BlackElo "2301"]
[Annotator "ChessBase"]
[PlyCount "71"]
[EventDate "2019.10.10"]
[EventType "team-tourn"]
[EventCountry "AUT"]
[SourceTitle "playchess.com"]
[Source "ChessBase"]
[SourceQuality "1"]
[TimeControl "40/5400+30:1800+30"]

1. d4 Nf6 2. c4 g6 3. Nc3 Bg7 4. e4 d6 5. f3 O-O 6. Be3 c5 7. Nge2 Nc6 8. d5 Ne5 9. Ng3 h5 10. Be2 h4 11. Nf1 e6 12. Bg5 h3 13. Ne3 hxg2 14. Rg1 exd5 15. Nexd5 Be6 16. Qd2 Nc6 17. Rxg2 Nd4 18. O-O-O a6 19. Qe1 Bxd5 20. Nxd5 Ne6 21. Bh4 Nxd5 22. Bxd8 Ndf4 23. Bg5 Nxg5 24. Rxg5 Bh6 25. h4 f6 26. Rxg6+ Nxg6+ 27. Kb1 Rad8 28. Bf1 b6 29. Bh3 Nf4 30. Bg4 Kf7 31. Qe3 Rg8 32. Qb3 Rb8 33. Rxd6 Rgd8 34. Qd1 Rxd6 35. Qxd6 Rb7 36. e5 1-0

[Event "AUT Bundesliga 2019-20"]
[Site "Linz"]
[Date "2019.10.10"]
[Round "1.12"]
[White "Schneider-Zinner, Harald"]
[Black "Sebenik, Matej"]
[Result "1/2-1/2"]
[ECO "A46"]
[WhiteElo "2392"]
[BlackElo "2519"]
[Annotator "ChessBase"]
[PlyCount "105"]
[EventDate "2019.10.10"]
[EventType "team-tourn"]
[EventCountry "AUT"]
[SourceTitle "playchess.com"]
[Source "ChessBase"]
[SourceQuality "1"]
[TimeControl "40/5400+30:1800+30"]

1. d4 Nf6 2. Nf3 d5 3. c4 e6 4. g3 Bb4+ 5. Bd2 Be7 6. Qc2 O-O 7. Bg2 c6 8. O-O Nbd7 9. Rd1 b6 10. cxd5 cxd5 11. Nc3 Bb7 12. Rac1 a6 13. Bg5 Rc8 14. Qb1 b5 15. e3 h6 16. Bxf6 Bxf6 17. Ne2 Qb6 18. Nf4 b4 19. Rxc8 Rxc8 20. Rc1 Rc6 21. h4 a5 22. Bf1 a4 23. Rxc6 Qxc6 24. Nd3 Be7 25. Nfe5 Nxe5 26. Nxe5 Qc7 27. Bb5 Bd6 28. Bxa4 Bxe5 29. dxe5 Qxe5 30. Bc2 f5 31. Bb3 Kh7 32. h5 Bc6 33. a3 bxa3 34. bxa3 Qc3 35. a4 Qb4 36. Qd3 Bxa4 37. Bxd5 Bb5 38. Qc2 exd5 39. Qxf5+ Kg8 40. Qxd5+ Kh8 41. Qf5 Qc4 42. e4 Be8 43. g4 Qf7 44. Qe5 Bc6 45. Kg2 Qe8 46. Qxe8+ Bxe8 47. e5 Kg8 48. f4 Kf7 49. f5 Ba4 50. Kg3 Bd1 51. Kh4 Bc2 52. Kg3 Bd1 53. Kh4 1/2-1/2

[Event "AUT Bundesliga 2019-20"]
[Site "Linz"]
[Date "2019.10.10"]
[Round "1.12"]
[White "Ennsberger, Ulrich"]
[Black "Novkovic, Milan"]
[Result "0-1"]
[ECO "D44"]
[WhiteElo "2259"]
[BlackElo "2357"]
[Annotator "NA"]
[PlyCount "79"]
[EventDate "2019.10.10"]
[EventType "team-tourn"]
[EventCountry "AUT"]
[SourceTitle "playchess.com"]
[Source "ChessBase"]
[SourceQuality "1"]
[TimeControl "40/5400+30:1800+30"]

1. Nf3 Nf6 2. c4 e6 3. Nc3 d5 4. d4 c6 5. Bg5 dxc4 6. e4 b5 7. e5 h6 8. Bh4 g5 9. Nxg5 hxg5 10. Bxg5 Be7 11. exf6 Bxf6 12. Bxf6 Qxf6 13. g3 Bb7 14. Bg2 Na6 15. Nxb5 cxb5 16. Bxb7 Nb4 17. O-O Rd8 18. Qd2 Nd3 19. Bc6+ Kf8 20. Rad1 Rxd4 21. Qe3 Rh5 22. a4 bxa4 23. Rd2 Ra5 24. Be4 Qe5 25. Qh6+ Ke7 26. Bxd3 cxd3 27. Qh7 Qf5 28. Qh8 Qe5 29. Qc8 Qc5 30. Qb7+ Rd7 31. Qe4 Qd4 32. Qh7 a3 33. bxa3 Rxa3 34. h4 Rd5 35. Kh2 Rf5 36. Qg8 Rc3 37. Qb8 Qb6 38. Qa8 Rc2 39. Rxc2 dxc2 40. Qe4 0-1